 Dungeon Crawl Stone Soup version 0.24-a0-509-ga1643a6788 (webtiles) character file.

Game seed: 13803914440845767684

44 forest the Sneak (level 3, 0/27 HPs)
             Began as a Spriggan Assassin on July 19, 2019.
             Succumbed to a goblin's poison
             ... on level 2 of the Dungeon.
             The game lasted 00:03:12 (1152 turns).

forest the Sneak (Spriggan Assassin)                Turns: 1152, Time: 00:03:13

Health: 0/27       AC: 21    Str: 13    XL:     3   Next: 41%
Magic:  4/4        EV:  4    Int: 12    God:
Gold:   85         SH:  5    Dex: 17    Spells: 2/2 levels left

rFire    . . .     SeeInvis +   l - +0 dagger (venom)
rCold    . . .     Gourm    .   n - +0 buckler
rNeg     + + +     Faith    .   (armour currently unavailable)
rPois    +         Spirit   .   (helmet currently unavailable)
rElec    .         Reflect  .   (cloak currently unavailable)
rCorr    .         Harm     .   (gloves unavailable)
MR       .....     NoTele   +   (boots unavailable)
Stlth    ++++......             (no amulet)
HPRegen  0.09/turn              (no ring)
MPRegen  0.09/turn              (no ring)

@: mighty, lethally poisoned (0 -> -19), tree-form
A: very small, unfitting armour, see invisible, herbivore, slow metabolism 2
a: no special abilities


You were on level 2 of the Dungeon.
You were not hungry.
You were a tree.
You visited 1 branch of the dungeon, and saw 2 of its levels.

You collected 85 gold pieces.

Inventory:

Hand Weapons
 l - a +0 dagger of venom (weapon)
Missiles
 d - 8 poisoned darts (quivered)
 e - 2 curare-tipped darts
Armour
 b - a +0 robe
 c - a +0 cloak (melded)
 n - a +0 buckler (worn)
 o - a +1 robe of positive energy (melded)
Scrolls
 g - a scroll of identify {unknown}
 h - a scroll of fear {unknown}
 k - a scroll of amnesia {unknown}
 m - a scroll of immolation {unknown}
 p - a scroll of fog {unknown}
Potions
 a - a potion of might
Comestibles
 f - 3 rations


   Skills:
 + Level 1.6 Fighting
 + Level 2.6 Short Blades
 + Level 2.0 Throwing
 + Level 1.5 Dodging
 + Level 7.6 Stealth


You had 2 spell levels left.
You didn't know any spells.
Your spell library was empty.

Dungeon Overview and Level Annotations

Branches:
Dungeon (2/15)

Altars:


Innate Abilities, Weirdness & Mutations

You are very small and have problems with some larger weapons.
You are too small for most types of armour.
You have supernaturally acute eyesight. (SInv)
You are a herbivore.
((You cover ground extremely quickly.))
You need to consume almost no food.


Message History

The goblin hits you with a +0 dagger of venom.
You are more poisoned.
* * * LOW HITPOINT WARNING * * *
You feel sick.
* * * LOW HITPOINT WARNING * * *
You feel sick.
You kill the goblin!
It was a potion of might.
You feel very mighty all of a sudden.
* * * LOW HITPOINT WARNING * * *
You feel sick.
It was a potion of lignification.
You turn into a tree.
Your +0 cloak melds into your body.
Your +1 robe of positive energy melds into your body.
You feel less protected from negative energy.
Your roots penetrate the ground.
* * * LOW HITPOINT WARNING * * *
You feel sick.
It was a potion of flight.
Your roots keep you in place.
You die...

#.# # #.# .## #.# #.# ##
# #.# #.##.# . #.# #.#.#
.# #.#######..##### #.
######.#...>........###.
#...g.g♣....##..........
#...##.#.##.####.#####..
###''###.#.##.#
##.###.#.
#≈≈..≈≈#.#.##.# ##...##.
#≈#.##≈#.#.##.# ######.
# #..g≈#....#.# #.
...#≈###..#.# #####.
≈##.#≈# #..#.# #..... #≈
≈≈≈# #..# #.####


You could see 2 hobgoblins.

Vanquished Creatures
  2 adders (D:2)
  A ball python (D:1)
  4 hobgoblins
  3 bats
  2 frilled lizards
  8 goblins
  8 rats
28 creatures vanquished.

Notes
Turn   | Place    | Note
-------+----------+-------------------------------------------
     0 | D:1      | forest the Spriggan Assassin began the quest for the Orb.
     0 | D:1      | Reached XP level 1. HP: 10/10 MP: 2/2
    13 | D:1      | Reached skill level 6 in Stealth
   227 | D:1      | Reached XP level 2. HP: 11/14 MP: 3/3
   910 | D:2      | Reached skill level 7 in Stealth
   985 | D:2      | Reached XP level 3. HP: 18/18 MP: 4/4
  1152 | D:2      | Succumbed to a goblin's poison

Levels and vault maps discovered:
D:1:      sevenhm_arrival_forest_fort_large_4, layout_basic, minmay_tall_x
D:2:      layout_loops_ring, nicolae_overflow_hidden_temple, first_ration,
          minivault_25, grunt_decor_arrowhead, kennysheep_generic_room_12,
          uniq_robin

Skill      XL: |  1  2 |
---------------+-------+-----
Stealth        | 6 7 |  7.6
Fighting       | |  1.6
Short Blades   | |  2.6
Throwing       | |  2.0
Dodging        | |  1.5

Action                   || total
-------------------------++-------
Melee: Dagger            ||    73
  Use: Potion            ||     3
 Stab: Sleeping          ||     9
Armor: Robe              ||     6
Dodge: Dodged            ||    40
Block: Buckler           ||     7

Table legend:
 A = Non-vault XP
 B = Vault XP
 C = Vault XP percentage of total XP
 D = Non-vault monster count
 E = Vault monster count
 F = Vault count percentage of total count
                 A         B        C        D         E       F
            +---------+---------+-------+---------+---------+-------
      Total |      56 |       8 |  12.5 |      23 |       5 |  17.9
            +---------+---------+-------+---------+---------+-------
        D:1 |      19 |       6 |  24.0 |      14 |       4 |  22.2
        D:2 |      37 |       2 |   5.1 |       9 |       1 |  10.0
            +---------+---------+-------+---------+---------+-------
